 Dungeon Crawl Stone Soup version 0.26.1-11-gd32895ea62 (webtiles) character file.

Game seed: 9440341102745565632

35189 Almogavar the Severer (level 13, -1/175 HPs)
             Began as a Hill Orc Fighter on Apr 28, 2021.
             Was a High Priest of Okawaru.
             Engulfed by a cloud of freezing vapour (3 damage)
             ... in an ice cave.
             The game lasted 00:51:38 (16186 turns).

Almogavar the Severer (Hill Orc Fighter)           Turns: 16186, Time: 00:51:39

Health: -1/175     AC: 19    Str: 24    XL:     13   Next: 82%
Magic:  12/13      EV: 10    Int:  8    God:    Okawaru [*****.]
Gold:   954        SH: 18    Dex: 10    Spells: 12/12 levels left

rFire    + . .     SeeInvis +   a - +1 war axe (freeze)
rCold    . . .     Faith    .   c - +0 kite shield
rNeg     . . .     Spirit   .   M - +2 chain mail {rPois}
rPois    +         Reflect  +   z - +2 hat {SInv}
rElec    .         Harm     .   Q - +1 cloak
rCorr    .         Rampage  .   b - +0 pair of gloves
Will     .....                  (no boots)
Stlth    ..........             h - amulet of reflection
HPRegen  0.39/turn              k - +4 ring of slaying
MPRegen  0.13/turn              s - ring of protection from fire

@: berserking, studying Shields, very quick
A: no striking features
a: Renounce Religion, Heroism, Finesse


You were in an ice cave.
You worshipped Okawaru.
Okawaru was extremely pleased with you.
You visited 3 branches of the dungeon, and saw 15 of its levels.
You also visited: Sewer, Ossuary and Ice Cave.

You collected 1044 gold pieces.
You spent 90 gold pieces at shops.

Inventory:

Hand Weapons
 a - a +1 war axe of freezing (weapon)
 K - a +5 flail
Missiles
 j - 37 boomerangs
 q - 6 throwing nets
 F - 29 poisoned darts (quivered)
 L - 6 silver javelins
 N - 4 curare-tipped darts
 O - 5 javelins
Armour
 b - a +0 pair of gloves (worn)
 c - a +0 kite shield (worn)
 z - a +2 hat of see invisible (worn)
 J - a +0 plate armour
 M - a +2 chain mail of poison resistance (worn)
 Q - a +1 cloak (worn)
 Z - a +0 tower shield
Jewellery
 h - an amulet of reflection (around neck)
 k - a +4 ring of slaying (left hand)
 s - a ring of protection from fire (right hand)
 R - an uncursed amulet of guardian spirit
Wands
 m - a wand of flame (39)
 t - a wand of iceblast (21)
 V - a wand of acid (9)
Scrolls
 g - 6 scrolls of teleportation
 i - 3 scrolls of enchant weapon
 r - 4 scrolls of amnesia
 y - 3 scrolls of blinking
 B - 10 scrolls of remove curse
 D - 2 scrolls of holy word
 H - 2 scrolls of acquirement {unknown}
 T - a scroll of noise {unknown}
 Y - 2 scrolls of torment {unknown}
Potions
 d - 3 potions of might
 e - 7 potions of curing
 f - 3 potions of berserk rage
 l - 2 potions of invisibility
 u - a potion of cancellation
 v - 2 potions of flight
 A - a potion of attraction {unknown}
 C - 3 potions of haste
 E - 2 potions of magic {unknown}
 G - a potion of ambrosia {unknown}
 W - a potion of heal wounds {unknown}
Books
 S - a manual of Shields


   Skills:
 + Level 11.8 Fighting
 - Level 15.0(15.1) Axes
 + Level 0.9(8.6) Maces & Flails
 + Level 8.8 Throwing
 + Level 10.9 Armour
 + Level 4.0 Dodging
 + Level 13.5 Shields
 + Level 0.9 Invocations


You had 12 spell levels left.
You didn't know any spells.
Your spell library contained the following spells:

 Spells                   Type           Power        Failure   Level
 Corona                   Hex            0%           95%         1
 Foxfire                  Conj/Fire      0%           95%         1
 Freeze                   Ice            0%           95%         1
 Corpse Rot               Necr/Air       N/A          99%         2
 Ensorcelled Hibernation  Hex/Ice        0%           99%         2
 Poisonous Vapours        Pois/Air       0%           99%         2
 Confusing Touch          Hex            0%           100%        3
 Conjure Flame            Conj/Fire      0%           100%        3
 Dazzling Flash           Conj/Hex       0%           100%        3
 Frozen Ramparts          Ice            0%           100%        3
 Mephitic Cloud           Conj/Pois/Air  0%           100%        3
 Ozocubu's Armour         Ice            0%           100%        3
 Stone Arrow              Conj/Erth      0%           100%        3
 Tukima's Dance           Hex            0%           100%        3
 Hailstorm                Conj/Ice       0%           100%        4
 Passage of Golubria      Tloc           N/A          100%        4
 Summon Ice Beast         Ice/Summ       0%           100%        4
 Summon Forest            Summ/Tloc      0%           100%        5
 Eringya's Noxious Bog    Tmut/Pois      0%           100%        6
 Freezing Cloud           Conj/Ice/Air   0%           100%        6
 Hydra Form               Tmut           0%           100%        6
 Malign Gateway           Summ/Tloc      0%           100%        7
 Summon Hydra             Summ           0%           100%        7


Dungeon Overview and Level Annotations

Branches:
Dungeon (12/15)            Temple (0/1) D:7            Lair (1/6) D:9
    Orc (2/2) D:12            Elf (0/3) Orc:2         Sewer (visited)
Ossuary (visited)           IceCv (1/1)

Altars:
Dithmenos
Gozag
Makhleb
Nemelex Xobeh
Okawaru
Ru
Sif Muna
Trog
Uskayaw
Vehumet
Yredelemnul
The Shining One
Beogh

Shops:
D:4 }   D:6 ?   D:8 :   D:10 (=   Orc:2 *

Annotations:
Orc:1 2 transporters, rpophessagr's ghost, journeyman HOMo IceCv exclusion: ice statue


Message History

You kill the ice beast!
Your chain mail prevents you from hitting the ice beast.
You barely miss the ice beast.
You are engulfed in freezing vapours.
* * * LOW HITPOINT WARNING * * *
You block the ice beast's attack.
Unknown command.
You hit the ice beast.
The ice beast is moderately wounded.
You hit the ice beast.
You are engulfed in freezing vapours.
* * * LOW HITPOINT WARNING * * *
You block the ice beast's attack. x2
Unknown command.
You feel better.
You are engulfed in freezing vapours.
* * * LOW HITPOINT WARNING * * *
You block the ice beast's attack.
The ice beast hits you but does no damage.
A red film seems to cover your vision as you go berserk!
You feel yourself moving faster!
You feel mighty!
You are engulfed in freezing vapours.
You die...

# ## ##.#.#### ####
##..☼§§§.# #### ##..##
#.....§§####..#####....##
#....§§.@##....##.......#
#.....§§YY..#.......∩.∩.#
##.........###..........#
#.......### ##..##....##
#......## ######..##
#......8 #### ##.....#
##....# ##..#


You could see 2 ice beasts.

Vanquished Creatures
  Gastronok (D:8)
  An ettin (Orc:1)
  Harold (D:8)
  A boulder beetle (D:11)
  2 hydras (D:12)
  A centaur warrior (D:10)
  Erica (D:11)
  2 two-headed ogres
  3 death yaks
  An unseen horror (D:9)
  3 orc knights (D:12)
  2 ugly things
  2 deep elf magi (D:12)
  3 cyclopes
  2 orc sorcerers
  A centaur zombie (D:12)
  Maurice (D:9)
  Psyche (D:8)
  An ice statue (IceCv)
  A cane toad (Lair:1)
  An ice devil (IceCv)
  6 trolls
  3 hornets
  2 wyverns
  44 yaks
  A shadow (D:11)
  A wraith (D:9)
  5 water moccasins
  5 sky beasts
  2 black bears
  2 necrophages
  14 orc warriors
  5 phantoms
  10 ice beasts
  11 ogres
  6 centaurs
  A gnoll sergeant (D:8)
  9 bullfrogs
  A wyvern zombie (D:8)
  4 water moccasin zombies (Ossuary)
  A wyvern skeleton (D:8)
  3 scorpions
  12 killer bees
  6 wights
  3 howler monkeys (D:9)
  4 bullfrog zombies
  4 quasits
  9 hounds
  A bullfrog skeleton (D:2)
  5 jellies
  11 orc priests
  Jessica (D:3)
  7 iguanas
  6 worker ants
  11 orc wizards
  Natasha (thrice) (D:2)
  3 big kobold zombies (Ossuary)
  3 hound zombies
  2 hound skeletons
  2 mummies (Ossuary)
  5 worker ant zombies
  12 gnolls
  9 adders
  2 shadow imps (D:9)
  16 white imps
  7 ufetubi
  An ooze (D:4)
  4 adder zombies (Ossuary)
  2 worms (D:3)
  2 dart slugs (D:2)
  10 leopard geckos
  64 orcs
  6 giant cockroaches
  2 gnoll zombies (Ossuary)
  A goblin (D:3)
  6 hobgoblins
  6 jackals
  4 quokkas
  6 ball pythons
  8 bats
  6 frilled lizards
  4 hobgoblin zombies (Ossuary)
  6 kobolds
  2 kobold zombies (Ossuary)
  2 leopard gecko skeletons
  6 orc zombies (Ossuary)
  2 quokka skeletons
  11 rats
473 creatures vanquished.

Vanquished Creatures (others)
  A reaper (IceCv)
  2 white imps (IceCv)
  6 ufetubi (IceCv)
9 creatures vanquished.

Grand Total: 482 creatures vanquished

Notes
Turn   | Place    | Note
-------+----------+-------------------------------------------
     0 | D:1      | Almogavar the Hill Orc Fighter began the quest for the Orb.
     0 | D:1      | Reached XP level 1. HP: 19/19 MP: 1/1
    25 | D:1      | Reached XP level 2. HP: 8/27 MP: 2/2
   360 | D:1      | Reached skill level 3 in Axes
   742 | D:2      | Reached XP level 3. HP: 33/33 MP: 3/3
   842 | D:2      | Reached skill level 4 in Axes
   842 | D:2      | Reached XP level 4. HP: 37/40 MP: 4/4
   916 | D:2      | Noticed Natasha
   924 | D:2      | Killed Natasha
  1032 | D:2      | Noticed Natasha
  1044 | D:2      | Killed Natasha
  1045 | D:2      | Reached XP level 5. HP: 17/46 MP: 5/5
  1365 | D:2      | Noticed Natasha
  1374 | D:2      | Killed Natasha
  1375 | D:2      | Reached skill level 5 in Axes
  1692 | D:3      | Noticed Jessica
  1701 | D:3      | Killed Jessica
  1702 | D:3      | Reached XP level 6. HP: 52/52 MP: 6/6
  1984 | D:3      | Reached skill level 1 in Dodging
  1990 | D:3      | Reached skill level 6 in Axes
  2389 | D:4      | Reached XP level 7. HP: 35/60 MP: 7/7
  2628 | D:4      | Found Daicitim's Gadget Boutique.
  2796 | D:4      | Found a shimmering blue altar of Sif Muna.
  2802 | D:4      | Reached skill level 7 in Axes
  3178 | D:5      | Entered Level 5 of the Dungeon
  3193 | D:5      | Found a sand-covered staircase.
  3199 | Ossuary  | Entered an ossuary
  3322 | Ossuary  | Reached skill level 5 in Fighting
  3406 | Ossuary  | Reached skill level 8 in Axes
  3406 | Ossuary  | Reached skill level 5 in Shields
  3413 | Ossuary  | Reached skill level 5 in Armour
  3413 | Ossuary  | Reached XP level 8. HP: 49/68 MP: 8/8
  3706 | D:5      | Found a glowing drain.
  3721 | Sewer    | Entered a sewer
  4000 | D:5      | Reached skill level 9 in Axes
  4241 | D:5      | Found a burning altar of Makhleb.
  4241 | D:5      | Noticed a balrug
  4278 | D:5      | Reached skill level 1 in Throwing
  4552 | D:5      | Found a radiant altar of Vehumet.
  5215 | D:6      | Reached XP level 9. HP: 75/75 MP: 9/9
  5221 | D:6      | Reached skill level 10 in Axes
  5378 | D:6      | Found a bloodstained altar of Trog.
  5378 | D:6      | Found an iron altar of Okawaru.
  5419 | D:6      | Became a worshipper of Warmaster Okawaru
  5444 | D:6      | Found a shadowy altar of Dithmenos.
  5551 | D:6      | Found Telliu's Magic Scroll Shoppe.
  5571 | D:6      | Reached * piety under Okawaru
  5591 | D:6      | Reached skill level 11 in Axes
  6076 | D:6      | Reached ** piety under Okawaru
  6202 | D:6      | Bought a scroll of blinking for 90 gold pieces
  6366 | D:7      | Reached XP level 10. HP: 77/86 MP: 10/10
  6456 | D:7      | Found a sparkling altar of Nemelex Xobeh.
  6463 | D:7      | Found a shadowy altar of Dithmenos.
  7000 | D:7      | Found a basalt altar of Yredelemnul.
  7069 | D:7      | Reached skill level 12 in Axes
  7074 | D:7      | Found a staircase to the Ecumenical Temple.
  7239 | D:7      | Found a sacrificial altar of Ru.
  7437 | D:7      | Reached *** piety under Okawaru
  7636 | D:8      | Noticed Gastronok
  7656 | D:8      | Killed Gastronok
  7656 | D:8      | Reached **** piety under Okawaru
  7891 | D:8      | Noticed Harold
  7911 | D:8      | Reached skill level 13 in Axes
  7911 | D:8      | Reached XP level 11. HP: 31/94 MP: 8/11
  7912 | D:8      | Killed Harold
  7913 | D:8      | Reached ***** piety under Okawaru
  8463 | D:8      | Noticed a two-headed ogre
  8471 | D:8      | Killed a two-headed ogre
  8471 | D:8      | Received a gift from Okawaru
  8482 | D:8      | Found a hide-covered altar of Uskayaw.
  8508 | D:8      | Found Tikaj's Book Shoppe.
  8534 | D:8      | Found an opulent altar of Gozag.
  8616 | D:8      | Noticed Psyche
  8626 | D:8      | Killed Psyche
  8842 | D:9      | Noticed a death yak
  8844 | D:9      | Noticed a death yak
  8848 | D:9      | Noticed a death yak
  8856 | D:9      | Killed a death yak
  8883 | D:8      | Killed a death yak
  9212 | D:9      | Killed a death yak
  9212 | D:9      | Received a gift from Okawaru
  9213 | D:9      | Reached skill level 5 in Throwing
  9223 | D:9      | Reached skill level 14 in Axes
  9464 | D:9      | Found a staircase to the Lair.
  9554 | D:9      | Noticed Maurice
  9568 | D:9      | Received a gift from Okawaru
  9569 | D:9      | Killed Maurice
  9983 | D:9      | Reached XP level 12. HP: 102/104 MP: 12/12
 11189 | D:9      | Identified the Grimoire of Displacement and Fire
 11476 | D:10     | Entered Level 10 of the Dungeon
 11508 | D:10     | Reached skill level 15 in Axes
 11547 | D:10     | Found Qes Mett's Jewellery Shoppe.
 11880 | D:10     | Found Jiraiba's Weapon Boutique.
 11972 | D:10     | Reached skill level 10 in Shields
 12237 | D:10     | Received a gift from Okawaru
 12414 | D:10     | Noticed a centaur warrior
 12418 | D:10     | Killed a centaur warrior
 12419 | D:10     | Reached skill level 10 in Fighting
 12753 | D:11     | Received a gift from Okawaru
 12974 | D:11     | Found a glowing golden altar of the Shining One.
 12994 | D:11     | Reached skill level 10 in Armour
 13016 | D:11     | Noticed a boulder beetle
 13034 | D:11     | Killed a boulder beetle
 13150 | D:11     | Noticed Erica
 13163 | D:11     | Killed Erica
 13164 | D:11     | Reached XP level 13. HP: 111/114 MP: 13/13
 13164 | D:11     | Reached ****** piety under Okawaru
 13456 | D:12     | Received a gift from Okawaru
 14312 | D:12     | Found a roughly hewn altar of Beogh.
 14312 | D:12     | Found a staircase to the Orcish Mines.
 14972 | Lair:1   | Entered Level 1 of the Lair of Beasts
 15156 | Orc:1    | Entered Level 1 of the Orcish Mines
 15293 | Orc:1    | Noticed an ettin
 15310 | Orc:1    | Killed an ettin
 15508 | Orc:1    | Found a transporter.
 15515 | Orc:1    | Found a transporter.
 15516 | Orc:1    | Identified the cursed +2 morningstar "Goczomig" {vorpal,
                  | +Blink}
 15516 | Orc:1    | Noticed rpophessagr's ghost (journeyman HOMo)
 15517 | Orc:1    | Noticed a stone giant
 15517 | Orc:1    | Found a bloodstained altar of Trog.
 15527 | Orc:1    | Identified the +10 great mace of Quick Death {antimagic,
                  | rElec rF+ Stlth+}
 15782 | Orc:2    | Entered Level 2 of the Orcish Mines
 15829 | Orc:2    | Found Quohyizuac's General Store.
 15839 | Orc:2    | Found a staircase to the Elven Halls.
 15879 | Orc:2    | Found a frozen archway.
 15907 | IceCv    | Entered an ice cave
 15988 | IceCv    | Killed a reaper
 16184 | IceCv    | HP: 5/117 [something (11)]
 16185 | IceCv    | HP: 1/117 [something (13)]
 16186 | IceCv    | Engulfed by a cloud of freezing vapour

Illustrated notes

Levels and vault maps discovered:
D:1:      dpeg_arrival_orchard, layout_rooms
D:2:      layout_rooms, uniq_natasha
D:3:      layout_rooms, uniq_jessica
D:4:      layout_rooms, old_standard_altar, serial_shops, shop
D:5:      layout_basic, old_standard_altar, makhleb_altar_promises_db,
          portal_sewer_entry_c, nicolae_ossuary_entry_plus
D:6:      layout_basic, grunt_temple_overflow_bloody_war, basic_altar,
          serial_shops, kennysheep_little_box
D:7:      black_bear_nest_1, layout_rooms, amethyst_overflow_temple_binary,
          lemuel_crystal_altar, minmay_temple_entry_water_ring,
          nicolae_ru_great_annihilating_truth
D:8:      layout_rooms, old_standard_altar, grunt_gozag_statues, serial_shops,
          nicolae_shop_trees, uniq_psyche, uniq_harold, uniq_gastronok
D:9:      minmay_the_grid_4x2 [minmay_the_grid_spikes, minmay_the_grid_expand,
          minmay_the_grid_holed_spiral, minmay_the_grid_embedded,
          minmay_the_grid_gridbox, minmay_the_grid_rooms,
          minmay_the_grid_minigrid_small_alt,
          minmay_the_grid_prize_shrinking_boxes], layout_layer_cave,
          dpeg_lair_monsters, minmay_starry_boxes, uniq_maurice
D:10:     layout_irregular_city, serial_shops, nicolae_shop_waterfront,
          kennysheep_mini_moat
D:11:     layout_rooms, tso_metal_star, uniq_erica
D:12:     layout_loops_ring, david_orc_5
Lair:1:   layout_gridlike, kennysheep_rathole
Orc:1:    layout_caves, basic_altar, gammafunk_ghost_wrathful_warriors,
          lightli_orcish_oven
Orc:2:    grunt_orc_community_town_hall, layout_diamond_mine,
          grunt_orc_community_big_house_1, grunt_orc_community_big_house_2,
          grunt_orc_community_house_1, grunt_orc_community_house_3,
          grunt_orc_community_house_3, grunt_orc_community_house_2,
          grunt_orc_community_house_3, serial_shops, shop,
          portal_ice_cave_entry_imps
IceCv:    ice_cave_small_demon

Skill      XL: |  1  2  3  4  5  6  7  8  9 10 11 12 13 |
---------------+----------------------------------------+-----
Axes           | 3 4 5 6 8 9 11 13 14 15 | 15.0
Shields        | 4 5 6 8 9 11 13 | 13.5
Fighting       | 4 5 7 8 9 10 11 | 11.8
Armour         | 4 5 7 8 9 10 | 10.9
Dodging        | 1 2 3 4 |  4.0
Throwing       | 1 3 5 7 8 |  8.8
Maces & Flails | |  0.9
Invocations    | |  0.9

Action                   |  1- 3 |  4- 6 |  7- 9 | 10-12 | 13-15 || total
-------------------------+-------+-------+-------+-------+-------++-------
Melee: War axe           |    63 |   100 |   304 |   577 |   318 ||  1362
       Flail             |       |       |       |       |    18 ||    18
Throw: Boomerang         |       |     8 |     3 |    26 |       ||    37
       Dart              |       |       |     4 |   128 |    80 ||   212
       Javelin           |       |       |       |     5 |       ||     5
Invok: Heroism           |       |       |       |     5 |     4 ||     9
  Use: Scroll            |     2 |     3 |     5 |     6 |     3 ||    19
       Potion            |       |       |       |     1 |     2 ||     3
 Stab: Paralysed         |       |       |       |     1 |       ||     1
Armor: Scale mail        |    35 |    25 |   111 |    34 |       ||   205
       Chain mail        |       |       |       |   120 |    82 ||   202
Dodge: Dodged            |    20 |    29 |    98 |   104 |    55 ||   306
Block: Kite shield       |    42 |    39 |   167 |   280 |   208 ||   736
       Reflection        |       |       |       |     7 |    13 ||    20
